AoeStats
← Ebrio

Arena

506209886Analyzed
3v3 RM · 20d ago on Sep 12, 2026· 50m 30s· 6 players
Game mode
Random Map
Map size
Normal (6 player)
Population
200
Speed
Normal
Resources
Standard
Victory
Conquest
Starting age
Dark Age
Ending age
Imperial Age
RankedLock teamsTeams togetherTeam positionsShared explorationLock speedFull tech treeHidden civsTurbo modeCheats
Victory
Defeat
🇦🇷 Vietnamese · Argentina
883
+16
🇦🇷 Persians · Argentina
878
+16
🇸🇰 Goths · Slovakia
878
+16
🇩🇪 Persians · Germany
903
-16
🇩🇪 Bohemians · Germany
877
-16
🇩🇪 Inca · Germany
875
-16
-MIRO-SLAV
0:46 Loom
12:18 Feudal Age
14:10 Wheelbarrow
17:48 Castle Age
16:04 Double-Bit Axe
16:48 Horse Collar
18:11 Stone Mining
26:37 Heavy Plow
28:16 Fletching
29:05 Bow Saw
29:53 Stone Shaft Mining
29:53 Bodkin Arrow
31:05 Hand Cart
34:51 Imperial Age
33:06 Anarchy
33:22 Scale Mail Armor
33:33 Forging
33:24 Murder Holes
34:44 Caravan
35:24 Gold Mining
36:37 Chemistry
38:37 Iron Casting
38:18 Chain Mail Armor
39:06 Elite Skirmisher
41:47 Bracer
46:54 Elite Huskarl
47:38 Padded Archer Armor
49:16 Blast Furnace
48:51 Crop Rotation
50:28 Sappers
51:19 Conscription
Caoz
11:35 Feudal Age
12:11 Horse Collar
12:18 Double-Bit Axe
16:28 Castle Age
16:10 Wheelbarrow
17:37 Heavy Plow
17:48 Bow Saw
18:44 Hand Cart
19:20 Fletching
18:58 Elite Skirmisher
19:37 Loom
19:38 Town Watch
20:01 Padded Archer Armor
20:40 Gold Mining
21:16 Bodkin Arrow
21:29 Crossbowman
22:19 Pikeman
24:10 Forging
25:37 Leather Archer Armor
25:24 Scale Mail Armor
25:49 Stone Mining
26:32 Bloodlines
26:22 Husbandry
26:39 Scale Barding Armor
28:16 Iron Casting
31:03 Chain Barding Armor
31:24 Stone Shaft Mining
31:34 Thumb Ring
31:53 Ballistics
32:39 Iron Casting
32:19 Chain Mail Armor
38:43 Imperial Age
40:23 Crop Rotation
40:55 Two-Man Saw
41:42 Arbalester
43:32 Chemistry
42:42 Elite Battle Elephant
45:28 Plate Barding Armor
45:24 Ring Archer Armor
44:54 Bracer
Ebrio
0:30 Loom
12:05 Feudal Age
13:12 Double-Bit Axe
13:11 Horse Collar
16:54 Castle Age
17:21 Wheelbarrow
17:31 Bow Saw
17:24 Heavy Plow
30:15 Imperial Age
28:40 Scale Barding Armor
29:37 Gold Mining
29:39 Stone Mining
30:35 Forging
30:47 Chain Barding Armor
31:05 Gold Shaft Mining
32:05 Iron Casting
31:47 Hand Cart
32:14 Bloodlines
32:07 Husbandry
33:04 Crop Rotation
33:12 Stone Shaft Mining
33:39 Two-Man Saw
33:14 Cavalier
35:18 Crossbowman
36:05 Thumb Ring
36:04 Kamandaran
36:57 Padded Archer Armor
36:47 Fletching
37:58 Blast Furnace
37:34 Plate Barding Armor
38:52 Chemistry
38:13 Ballistics
38:12 Leather Archer Armor
39:11 Savar
39:13 Light Cavalry
41:39 Hussar
42:41 Bodkin Arrow
43:16 Ring Archer Armor
46:43 Caravan
Salamix
9:55 Loom
12:11 Feudal Age
17:05 Castle Age
18:12 Champi Runner
18:54 Squires
19:04 Scale Mail Armor
23:15 Forging
23:20 Gold Mining
23:22 Double-Bit Axe
23:18 Horse Collar
23:32 Stone Mining
31:06 Imperial Age
31:00 Ballistics
31:09 Thumb Ring
30:30 Elite Skirmisher
31:02 Arson
32:20 Conscription
33:56 Pikeman
43:43 Elite Kamayuk
44:30 Andean Sling
48:33 Wheelbarrow
Fireball
6:58 Loom
13:13 Feudal Age
14:38 Double-Bit Axe
18:16 Castle Age
16:38 Stone Mining
20:14 Fletching
22:51 Wheelbarrow
22:19 Gold Mining
22:43 Bow Saw
22:36 Horse Collar
26:18 Elite Skirmisher
28:58 Murder Holes
29:24 Ballistics
29:16 Masonry
32:47 Imperial Age
30:57 Hand Cart
31:35 Town Watch
33:39 Citadels
33:05 Pikeman
33:33 Arson
35:38 Chemistry
39:33 Conscription
38:53 Halberdier
39:37 Squires
43:05 Padded Archer Armor
49:51 Bodkin Arrow
50:12 Leather Archer Armor
50:04 Scale Barding Armor
50:09 Forging
luixx
12:18 Feudal Age
17:20 Castle Age
16:01 Double-Bit Axe
18:19 Horse Collar
22:21 Wheelbarrow
29:27 Imperial Age
28:41 Chemistry
28:12 Bow Saw
28:14 Pikeman
30:27 Ballistics
30:03 Murder Holes
31:10 Hand Cart
31:39 Halberdier
34:35 Padded Archer Armor
34:25 Fletching
34:54 Houfnice
40:43 Elite Hussite Wagon
43:11 Squires
45:08 Caravan
46:29 Coinage
Connection lost

Rejoining the realm…

Still unreachable

The connection could not be restored.

Session expired

The server has moved on; the page needs a fresh start.